 Dungeon Crawl Stone Soup version 0.28-a0-381-g937acc2988 (webtiles) character file.

Game seed: 2711280333116872163

354 jdzakarian the Poker (level 6, -5/73 HPs)
             Began as a Human Berserker on Sept 2, 2021.
             Was a Priest of Trog.
             Slain by an ogre (10 damage)
             ... on level 4 of the Dungeon.
             The game lasted 00:20:01 (4997 turns).

jdzakarian the Poker (Human Berserker)              Turns: 4997, Time: 00:20:01

Health: -5/73      AC: 11    Str: 17    XL:     6   Next: 95%
Magic:  6/6        EV:  6    Int:  7    God:    Trog [***...]
Gold:   93         SH:  0    Dex: 15    Spells: 5/5 levels left

rFire   . . .      SeeInvis .   a - +0 spear
rCold   . . .      Faith    .   (no shield)
rNeg    . . .      Spirit   .   d - +0 plate armour
rPois   .          Reflect  .   (no helmet)
rElec   .          Harm     .   (no cloak)
rCorr   .          Rampage  .   (no gloves)
Will    .....                   (no boots)
Stlth   ..........              (no amulet)
HPRegen 0.22/turn               (no ring)
MPRegen 0.10/turn               (no ring)

@: berserking, very quick
A: no striking features
a: Renounce Religion, Berserk, Trog's Hand


You were on level 4 of the Dungeon.
You worshipped Trog.
Trog was most pleased with you.
You visited 1 branch of the dungeon, and saw 4 of its levels.

You collected 93 gold pieces.

Inventory:

Hand Weapons
 a - a +0 spear (weapon)
Missiles
 c - 25 stones
 f - 15 poisoned darts
Armour
 d - a +0 plate armour (worn)
Jewellery
 e - an amulet of reflection
 i - a +4 ring of protection
Wands
 j - a wand of flame (9) (quivered)
Potions
 b - a potion of flight
 g - 3 potions of heal wounds {unknown}
 h - a potion of attraction {unknown}


   Skills:
 + Level 4.4 Fighting
 + Level 5.3 Polearms
 + Level 0.3 Throwing
 + Level 3.7 Armour
 + Level 2.2 Dodging
 + Level 0.3 Stealth


You had 5 spell levels left.
You didn't know any spells.
Your spell library contained the following spells:

 Spells                   Type           Power      Damage    Failure   Level
 Fulminant Prism          Conj/Hex       0%         3d6       100%        4
 Iskenderun's Mystic Bla  Conj/Tloc      0%         2d3       100%        4
 Lee's Rapid Deconstruct  Erth           0%         3d5*      100%        5


Dungeon Overview and Level Annotations

Branches:
Dungeon (4/15)
 Temple: D:4-7

Altars:
Yredelemnul


Message History

The adder is severely wounded.
The adder barely misses you.
You hit the adder but do no damage.
The adder is severely wounded.
The adder bites you.
You barely miss the adder.
The adder is severely wounded.
The adder barely misses you.
You closely miss the adder.
The adder is severely wounded.
The adder bites you but does no damage.
You hit the adder but do no damage.
The adder is severely wounded.
The adder bites you but does no damage.
You hit the adder.
You kill the adder!
Trog accepts your kill.
A red film seems to cover your vision as you go berserk!
You feel yourself moving faster!
You feel mighty! The ogre hits you with a +0 giant club!
You are too berserk!
You barely miss the ogre. You hit the ogre.
The ogre is lightly wounded.
The ogre hits you with a +0 giant club.
You hit the ogre.
The ogre is moderately wounded.
Your plate armour prevents you from hitting the ogre.
The ogre is moderately wounded.
The ogre hits you with a +0 giant club!!
* * * LOW HITPOINT WARNING * * *
You hit the ogre.
The ogre is heavily wounded.
You are too berserk!
You puncture the ogre!
The ogre is almost dead.
You barely miss the ogre.
The ogre is almost dead.
The ogre hits you with a +0 giant club!
You die...

.......#.................
.......#..#..........##..
........g####..##....####
.........## #..##.##.#
..........####.#.. ##.
......#....# ...# .
...##..g###..... ..
#.##O## #.## #.# ##@# ##
## ##...# ####


You could see an ogre and a hobgoblin.

Vanquished Creatures
  A black bear (D:3)
  A scorpion (D:4)
  A centaur skeleton (D:3)
  2 orc wizards
  4 adders
  3 worms
  4 dart slugs
  7 orcs
  4 endoplasms
  A giant cockroach (D:1)
  5 hobgoblins
  2 quokkas
  5 ball pythons
  8 bats
  3 frilled lizards
  9 goblins
  10 kobolds
  6 rats
76 creatures vanquished.

Notes
Turn   | Place    | Note
-------+----------+-------------------------------------------
     0 | D:1      | jdzakarian the Human Berserker began the quest for the Orb.
     0 | D:1      | Reached XP level 1. HP: 18/18 MP: 1/1
   435 | D:1      | Reached XP level 2. HP: 24/24 MP: 2/2
   455 | D:1      | Found a faded altar of an unknown god.
   719 | D:1      | Reached ** piety under Trog
   720 | D:1      | Reached XP level 3. HP: 26/29 MP: 3/3
  1743 | D:2      | Reached XP level 4. HP: 19/37 MP: 4/4
  3023 | D:3      | Reached skill level 4 in Polearms
  3516 | D:3      | Reached XP level 5. HP: 40/42 MP: 5/5
  3518 | D:3      | Noticed a black bear
  3548 | D:3      | Killed a black bear
  3549 | D:3      | Reached XP level 6. HP: 38/48 MP: 6/6
  3784 | D:3      | Found a basalt altar of Yredelemnul.
  4503 | D:4      | Reached skill level 5 in Polearms
  4945 | D:4      | Noticed an ogre
  4989 | D:4      | Reached *** piety under Trog
  4997 | D:4      | Slain by an ogre

Illustrated notes

Levels and vault maps discovered:
D:1:      sevenhm_arrival_forest_fort_small_5, layout_basic,
          hellmonk_ecumenical_altar_blasted, corexii_item_surrounded_by_moat
D:2:      layout_loops_cross
D:3:      layout_loops_ring, mainiacjoe_overflow_catwalk, minmay_between
D:4:      layout_layer_cave

Skill      XL: |  1  2  3  4  5  6 |
---------------+-------------------+-----
Polearms       | 4 5 |  5.3
Fighting       | 4 |  4.4
Armour         | 3 |  3.7
Throwing       | |  0.3
Dodging        | |  2.2
Stealth        | |  0.3

Action                   |  1- 3 |  4- 6 || total
-------------------------+-------+-------++-------
Melee: Spear             |   142 |   230 ||   372
Throw: Stone             |       |     9 ||     9
Invok: Berserk           |     2 |     4 ||     6
       Trog's Hand       |     1 |     3 ||     4
Evoke: Wand              |       |     1 ||     1
  Use: Potion            |     3 |     1 ||     4
       Scroll            |     2 |     4 ||     6
Armor: Plate armour      |    70 |   163 ||   233
       Animal skin       |     1 |       ||     1
Dodge: Dodged            |    34 |    55 ||    89

Table legend: (Time is in decaauts)
 A = Elapsed time spent in this place.
 B = Non-inter-level travel time spent in this place.
 C = Inter-level travel time spent in this place.
 D = Time resting spent in this place.
 E = Time spent auto-exploring this place.
 F = Levels seen in this place.
 G = Mean time per level.
                   A        B        C        D        E       F      G
               +--------+--------+--------+--------+--------+-----+--------+
         Total |   5007 |   5007 |      0 |   1770 |   1844 |   4 | 1251.8 |
       Dungeon |   5007 |   5007 |      0 |   1770 |   1844 |   4 | 1251.8 |
               +--------+--------+--------+--------+--------+-----+--------+

Top non-repeatable levels by time:
     D:2: 1650 daAuts
     D:3: 1430 daAuts
     D:1: 1388 daAuts
     D:4: 537 daAuts
